Map: 뉴커크 재개발 지구 - 토너먼트 (공허의 유산)

Players

BLY

  • Race: Zerg Zerg
  • Spawn Location: 5:00

Stats - Winner!

  • Race: Protoss Protoss
  • Spawn Location: 7:00

Event: IEM XI Katowice - World Championship 2017

VOD

Have the link to the VOD?

Description

Time

  • Played on: Feb. 27, 2017, 7:13 a.m.
  • Length: 9:04

All games in this series

Show
View Real Time Build Order
Export as new Build Order

BLY Zerg 

Build Orders: 3 Hatch before Pool 

Get SALT Encoding   

  12  0:01  Drone  
  13  0:12  Overlord  
  13  0:18  Drone  
  14  0:32  Drone x2  
  16  0:36  Drone  
  17  1:01  Hatchery  
  16  1:16  Hatchery  
  15  1:19  Drone  
  15  1:23  Drone  
  17  1:26  Drone  
  17  1:28  Extractor  
  17  1:44  Spawning Pool  
  16  1:48  Drone  
  18  2:04  Hatchery  
  18  2:05  Drone x3  
  21  2:32  Queen  
  21  2:36  Hatchery  
  22  2:37  Metabolic Boost  
  22  2:41  Queen  
  24  2:46  Drone  
  25  2:51  Overlord  
  25  2:56  Drone  
  26  3:02  Extractor  
  25  3:05  Zergling x4  
  25  3:11  Drone x2  
  30  3:23  Extractor  
  30  3:24  Overlord  
  30  3:26  Drone x2  
  30  3:27  Drone  
  33  3:31  Drone  
  33  3:45  Zergling x6, Evolution Chamber  
  33  3:46  Zergling x4  
  37  3:55  Drone  
  37  3:56  Drone x4  
  42  4:07  Overlord  
  42  4:08  Drone x3  
  45  4:20  Queen  
  45  4:21  Roach Warren  
  45  4:23  Drone  
  47  4:24  Drone  
  48  4:31  Drone  
  48  4:32  Drone  
  48  4:33  Overlord  
  48  4:37  Overlord  
  48  4:38  Extractor  
  49  4:50  Drone x2  
  50  5:02  Roach x4  
  50  5:03  Roach x3  
  64  5:12  Overlord x2  
  64  5:18  Overlord  
  64  5:22  Overlord  
  64  5:27  Zergling x2  
  65  5:31  Lair  
  63  5:38  Drone x6  
  63  5:39  Drone x5  
  63  5:42  Spore Crawler  
  73  5:44  Spore Crawler  
  72  5:50  Overlord  
  72  5:53  Overlord  
  72  5:59  Spore Crawler  
  71  6:06  Drone x3  
  71  6:08  Overlord  
  73  6:13  Overlord  
  73  6:16  Roach x5  
  83  6:21  Zergling x8  
  84  6:30  Glial Reconstitution  
  81  6:40  Drone x8  
  85  6:50  Overlord  
  85  6:53  Overlord  
  85  6:54  Overlord  
  85  6:59  Extractor  
  83  7:06  Queen  
  83  7:08  Ravager x4  
  89  7:12  Drone x3  
  89  7:14  Hatchery  
  76  7:23  Zergling x2, Roach x5  
  80  7:30  Roach x2  
  80  7:34  Zergling x10  
  83  7:46  Zergling x2  
  83  7:47  Zergling x12  
  83  7:48  Ravager  
  90  7:55  Zergling x2  
  89  8:01  Ravager  
  89  8:02  Zergling x4  
  89  8:04  Zergling x2  
  91  8:07  Ravager  
  91  8:08  Zergling x2  
  91  8:09  Queen x2  
  97  8:13  Roach  
  96  8:25  Zergling x2  
  96  8:26  Zergling x2  
  83  8:30  Roach x2  
  83  8:34  Roach  
  79  8:38  Roach  
  79  8:39  Roach x2  
  73  8:42  Zergling x2, Roach  
Show
View Real Time Build Order
Export as new Build Order

Stats Protoss - Winner!

Build Orders:  

Get SALT Encoding   

  12  0:00  Probe (Chrono Boost)  
  13  0:11  Probe (Chrono Boost)  
  14  0:18  Pylon  
  14  0:22  Probe (Chrono Boost)  
  15  0:37  Probe (Chrono Boost)  
  15  0:40  Gateway  
  16  0:47  Probe (Chrono Boost)  
  16  0:48  Assimilator  
  17  0:58  Probe (Chrono Boost)  
  18  1:08  Probe (Chrono Boost)  
  19  1:19  Probe (Chrono Boost)  
  19  1:24  Zealot  
  20  1:25  Pylon  
  20  1:28  Cybernetics Core  
  22  1:34  Probe (Chrono Boost)  
  23  1:47  Probe (Chrono Boost)  
  24  1:59  Probe (Chrono Boost)  
  25  2:02  Adept  
  27  2:12  Probe (Chrono Boost)  
  28  2:28  Nexus  
  28  2:34  Probe (Chrono Boost)  
  28  2:36  Warp Gate  
  29  2:37  Assimilator  
  29  2:44  Probe (Chrono Boost)  
  29  2:49  Pylon  
  30  3:01  Probe (Chrono Boost)  
  31  3:07  Adept  
  31  3:12  Twilight Council, Probe (Chrono Boost)  
  34  3:22  Probe (Chrono Boost)  
  36  3:34  Gateway, Probe (Chrono Boost)  
  36  3:38  Resonating Glaives, Gateway  
  36  3:40  Adept  
  38  3:42  Probe (Chrono Boost)  
  38  3:47  Probe (Chrono Boost)  
  40  3:56  Probe (Chrono Boost)  
  40  4:00  Probe (Chrono Boost)  
  42  4:03  Pylon  
  42  4:08  Probe (Chrono Boost)  
  43  4:12  Probe (Chrono Boost)  
  43  4:14  Assimilator x2  
  44  4:20  Probe (Chrono Boost)  
  44  4:24  Robotics Facility, Probe (Chrono Boost)  
  46  4:33  Probe (Chrono Boost)  
  46  4:36  Probe (Chrono Boost)  
  48  4:41  Stalker x3  
  55  4:45  Probe (Chrono Boost)  
  55  4:51  Probe (Chrono Boost)  
  56  4:52  Pylon  
  56  4:57  Probe (Chrono Boost)  
  57  5:04  Probe (Chrono Boost)  
  58  5:11  Warp Prism  
  58  5:13  Adept, Sentry x2  
  64  5:20  Pylon  
  69  5:21  Probe (Chrono Boost)  
  69  5:23  Mothership Core (Chrono Boost)  
  69  5:41  Gateway  
  69  5:43  Sentry x3  
  69  5:44  Gateway  
  69  5:45  Observer  
  69  5:47  Pylon, Gateway  
  75  6:02  Pylon  
  75  6:03  Pylon  
  75  6:14  Gateway  
  75  6:15  Immortal  
  75  6:17  Gateway  
  79  6:31  Sentry x3  
  83  6:42  Nexus  
  83  6:45  Pylon  
  75  6:49  Pylon, Warp Prism  
  74  6:58  Adept x6  
  88  7:08  Probe x2 (Chrono Boost)  
  90  7:20  Probe x2 (Chrono Boost)  
  90  7:25  Adept x3  
  90  7:26  Adept x3  
  100  7:32  Adept x2  
  104  7:46  Probe x2 (Chrono Boost)  
  106  7:51  Adept x2  
  106  7:54  Pylon  
  106  7:55  Pylon  
  106  7:56  Pylon  
  110  8:18  Stalker  
  110  8:19  Stalker x6  
  117  8:44  Adept x3  
  117  8:45  Adept x5  

Tags
 
Add a new tag
Caveats
  • Supply blocks, unpowered buildings, or Contaminate may cause inaccurate times.
  • Supply counts are checked every 10 seconds.